 Dungeon Crawl Stone Soup version 0.29-a0-96-g93358da72b (webtiles) character file.

Game seed: 1469420710911771139

41 dog the Cudgeller (level 3, 0/51 HPs)
             Began as a Minotaur Berserker on Feb 11, 2022.
             Was a Follower of Trog.
             Slain by a kobold (3 damage)
             ... on level 2 of the Dungeon.
             The game lasted 00:03:12 (1413 turns).

dog the Cudgeller (Minotaur Berserker)              Turns: 1413, Time: 00:03:13

Health: 0/51       AC:  2    Str: 23    XL:     3   Next: 32%
Magic:  2/2        EV: 12    Int:  4    God:    Trog [*.....]
Gold:   28         SH:  0    Dex:  9    Spells: 2/2 levels left

rFire   . . .      SeeInvis .   a - +0 mace
rCold   . . .      Faith    .   (no shield)
rNeg    . . .      Spirit   .   b - +0 animal skin
rPois   .          Reflect  .   (helmet restricted)
rElec   .          Harm     .   (no cloak)
rCorr   .          Rampage  .   (no gloves)
Will    .....                   (no boots)
Stlth   ..........              (no amulet)
HPRegen 0.17/turn               (no ring)
MPRegen 0.08/turn               (no ring)

@: berserking, very quick
A: horns 2, retaliatory headbutt
a: Renounce Religion, Berserk


You were on level 2 of the Dungeon.
You worshipped Trog.
Trog was aware of your devotion.
You visited 1 branch of the dungeon, and saw 2 of its levels.

You collected 28 gold pieces.

Inventory:

Hand Weapons
 a - a +0 mace (weapon)
Armour
 b - a +0 animal skin (worn)
Scrolls
 c - a scroll of fear {unknown}
 f - a scroll of identify {unknown}
 g - a scroll of immolation {unknown}
Potions
 d - a potion of degeneration {unknown}
 e - a potion of magic {unknown}
 h - a potion of curing {unknown}


   Skills:
 + Level 4.3 Fighting
 + Level 4.5 Maces & Flails
 + Level 2.6 Armour
 + Level 2.4 Dodging


You had 2 spell levels left.
You didn't know any spells.
Your spell library was empty.

Dungeon Overview and Level Annotations

Branches:
Dungeon (2/15)

Altars:


Innate Abilities, Weirdness & Mutations

You have a pair of horns on your head.
You reflexively headbutt those who attack you in melee.


Message History

The adder misses you. The quokka barely misses you. The kobold misses you.
The adder bites you. The quokka misses you.
You barely miss the adder. Your punch misses the adder.
The adder is almost dead.
The jackal bites you. The adder bites you but does no damage.
The kobold closely misses you. The jackal barely misses you.
The quokka bites you.
You closely miss the adder. Your headbutt misses the adder.
The adder is almost dead.
The adder bites you.
A jackal comes into view.
The jackal closely misses you. The kobold barely misses you.
The quokka bites you. The adder completely misses you.
The jackal closely misses you. The adder bites you.
The jackal moves out of view.
A red film seems to cover your vision as you go berserk!
You feel yourself moving faster!
You feel mighty! The quokka barely misses you.
The kobold hits you with a +0 club. The jackal completely misses you.
You furiously retaliate!
You headbutt the jackal.
You kill the jackal!
Trog accepts your kill. The adder bites you but does no damage.
The adder bites you.
You barely miss the adder. Your headbutt misses the adder.
The adder is almost dead.
The quokka closely misses you. You furiously retaliate!
You headbutt the quokka!
You kill the quokka!
Trog accepts your kill. The kobold hits you with a +0 club.
The adder bites you.
* * * LOW HITPOINT WARNING * * *
The adder barely misses you.
You sock the adder!
You kill the adder!
Trog accepts your kill. The hobgoblin hits you.
* * * LOW HITPOINT WARNING * * *
The adder bites you.
* * * LOW HITPOINT WARNING * * *
The kobold hits you with a +0 club.
You die...

..###.# ......# #.. .#
#.##### #.# ###.## #.#
#.# ♣$.∩..8 #.# # #.#
.....).
#.#########.##.##.......
#........)# .....∩..∩...
#########.####.#.g......
#.......@K.....h
######.#.S..8..∩
#.#........ #.##.......
#.. ∩..∩... ### .......
....... ♣..∩..8


You could see an adder, a jackal (wandering), a hobgoblin and a kobold.

Vanquished Creatures
  2 adders (D:2)
  A dart slug (D:1)
  3 endoplasms (D:2)
  2 giant cockroaches
  A hobgoblin (D:2)
  A jackal (D:2)
  A kobold (D:1)
  2 quokkas
  A ball python (D:1)
  2 bats
  3 frilled lizards
  5 goblins (D:1)
  7 rats
31 creatures vanquished.

Notes
Turn   | Place    | Note
-------+----------+-------------------------------------------
     0 | D:1      | dog the Minotaur Berserker began the quest for the Orb.
     0 | D:1      | Reached XP level 1. HP: 19/19 MP: 0/0
   246 | D:1      | Reached XP level 2. HP: 27/27 MP: 1/1
  1295 | D:2      | Reached XP level 3. HP: 33/33 MP: 2/2
  1413 | D:2      | Slain by a kobold

Illustrated notes

Levels and vault maps discovered:
D:1:      minmay_arrival_diagonal_passages, layout_loops_corners, hex_medium,
          bh_walls_and_bars
D:2:      layout_loops_ring, hellmonk_ecumenical_altar_arch_garden

Skill      XL: |  1  2 |
---------------+-------+-----
Maces & Flails | 4 |  4.5
Fighting       | 4 |  4.3
Armour         | |  2.6
Dodging        | |  2.4

Action                   || total
-------------------------++-------
Melee: Mace              ||    60
       Headbutt          ||     3
Invok: Berserk           ||     1
Armor: Animal skin       ||    11
Dodge: Dodged            ||    56

Table legend: (Time is in decaauts)
 A = Elapsed time spent in this place.
 B = Non-inter-level travel time spent in this place.
 C = Inter-level travel time spent in this place.
 D = Time resting spent in this place.
 E = Time spent auto-exploring this place.
 F = Levels seen in this place.
 G = Mean time per level.
                   A        B        C        D        E       F      G
               +--------+--------+--------+--------+--------+-----+--------+
         Total |   1423 |   1396 |     27 |      0 |   1130 |   2 |  711.5 |
       Dungeon |   1423 |   1396 |     27 |      0 |   1130 |   2 |  711.5 |
               +--------+--------+--------+--------+--------+-----+--------+

Top non-repeatable levels by time:
     D:1: 1150 daAuts
     D:2: 273 daAuts
